 Dungeon Crawl Stone Soup version 0.22-a0-362-g535178c (webtiles) character file.

539 sankara the Chopper (level 7, -7/66 HPs)
             Began as a Deep Dwarf Fighter on Apr 20, 2018.
             Was an Initiate of Makhleb.
             Killed by divine providence
             ... invoked by an orc priest
              (9 damage)
             ... on level 2 of the Dungeon.
             The game lasted 00:28:18 (4320 turns).

sankara the Chopper (Deep Dwarf Fighter)            Turns: 4320, Time: 00:28:19

Health: -7/66      AC: 10    Str: 20    XL:     7   Next: 5%
Magic:  3/7        EV:  6    Int: 10    God:    Makhleb [......]
Gold:   205        SH:  9    Dex: 12    Spells: 4/6 levels left

rFire    + + .     SeeInvis .   a - +0 war axe
rCold    x . .     Gourm    .   c - +0 shield
rNeg     . . .     Faith    .   h - +0 fire dragon scales
rPois    .         Spirit   .   u - +0 helmet
rElec    .         Reflect  .   (no cloak)
rCorr    .         Harm     .   (no gloves)
MR       +....                  (no boots)
Stlth    ..........             (no amulet)
HPRegen  0.00/turn              A - ring of wizardry {Wiz+, !d}
MPRegen  0.10/turn              (no ring)

@: very slightly contaminated, non-regenerating
A: damage resistance, heal wounds, sense surroundings 1, no regeneration
a: Heal Wounds, Renounce Religion


You were on level 2 of the Dungeon.
You worshipped Makhleb.
Makhleb was noncommittal.
You were hungry.

You visited 2 branches of the dungeon, and saw 5 of its levels.

You collected 205 gold pieces.

Inventory:

Hand Weapons
 a - a +0 war axe (weapon)
 b - a +0 blowgun
   (You took it off a kobold on level 3 of the Dungeon)
Missiles
 g - 189 stones
 l - a tomahawk (quivered)
 s - 34 sling bullets
 x - 7 curare-tipped needles
 z - 32 poisoned needles
Armour
 c - a +0 shield (worn)
 h - +0 fire dragon scales (worn)
   (You took it off an orc on level 3 of the Dungeon)
 u - a +0 helmet (worn)
   (You took it off Robin on level 1 of the Dungeon)
Jewellery
 A - a ring of wizardry (left hand) {Wiz+, !d}
   (You found it on level 3 of the Dungeon)
Scrolls
 i - a scroll of fear {unknown}
 k - a scroll of remove curse
 m - 6 scrolls of identify {unknown}
 o - 2 scrolls of enchant weapon {unknown}
 p - 5 scrolls of teleportation {unknown}
 w - 2 scrolls of noise {unknown}
 B - 2 scrolls of amnesia
Potions
 e - a potion of curing {unknown}
 n - 2 potions of flight {unknown}
 q - a potion of haste
 r - 2 potions of heal wounds {unknown}
 t - a potion of ambrosia {unknown}
 v - a potion of cancellation {unknown}
 C - a potion of degeneration {unknown}
Comestibles
 d - 5 chunks of flesh {@w0}
 f - 9 rations


   Skills:
 + Level 4.7 Fighting
 + Level 5.0 Axes
 - Level 3.0 Throwing
 - Level 3.2 Armour
 - Level 3.2 Shields
 + Level 2.0 Summonings


You had 4 spell levels left.
You knew the following spells:

 Your Spells              Type           Power        Failure   Level  Hunger
a - Call Imp              Summ           #.......     82%         2    ###....


Dungeon Overview and Level Annotations

Branches:
Dungeon (4/15)             Temple (1/1) D:4

Altars:
Ashenzari
Cheibriados
Dithmenos
Elyvilon
Fedhas
Hepliaklqana
Kikubaaqudgha
Makhleb
Nemelex Xobeh
Okawaru
Qazlal
Ru
Sif Muna
Trog
Uskayaw
Vehumet
Wu Jian
Xom
Yredelemnul
Zin
The Shining One


Innate Abilities, Weirdness & Mutations

You are resistant to damage.
You can heal yourself by infusing magical energy.
You passively map a small area around you.
You do not regenerate.


Message History

Press: ? - help, Shift-Dir - straight line, f/p - orc
Aim: an orc, wielding a flail and wearing a chain mail (almost dead)
You throw a tomahawk.
The tomahawk hits the orc but does no damage.
The orc is almost dead.
Some of the chunks of flesh in your inventory have rotted away.
Throwing (i - inventory. (/) - cycle)
l - 3 tomahawks (quivered)
Press: ? - help, Shift-Dir - straight line, f/p - orc
Aim: an orc, wielding a flail and wearing a chain mail (almost dead)
You throw a tomahawk. The tomahawk barely misses the orc.
Throwing (i - inventory. (/) - cycle)
l - 2 tomahawks (quivered)
Press: ? - help, Shift-Dir - straight line, f/p - orc
Aim: an orc, wielding a flail and wearing a chain mail (almost dead)
Okay, then.
You slash the orc!
You kill the orc!
Makhleb accepts your kill.
Things that are here:
a flail; a chain mail; an orc corpse You butcher the orc corpse.
d - 5 chunks of flesh {@w0} (gained 4)
Things that are here:
a flail; a chain mail
l - 3 tomahawks (gained 1) Throwing (i - inventory. (/) - cycle)
l - 3 tomahawks (quivered)
Press: ? - help, Shift-Dir - straight line, f - orc
Aim: an orc, wielding a club (hasn't noticed you)
You throw a tomahawk. The tomahawk closely misses the orc.
The orc shouts!
You hear a shout!
Throwing (i - inventory. (/) - cycle)
l - 2 tomahawks (quivered)
Press: ? - help, Shift-Dir - straight line, f/p - orc
Aim: an orc, wielding a club You throw a tomahawk.
The tomahawk hits the orc.
The orc is heavily wounded.
Throwing (i - inventory. (/) - cycle)
l - a tomahawk (quivered)
Press: ? - help, Shift-Dir - straight line, f/p - orc
Aim: an orc, wielding a club (heavily wounded)
You throw a tomahawk. The tomahawk hits the orc.
You kill the orc!
Makhleb accepts your kill.
l - a tomahawk
Casting: Call Imp (safe; 82% risk of failure)
Confirm with . or Enter, or press ? or * to list all spells.
You miscast Call Imp.
You are very lightly contaminated with residual magic.
Distant voices call out to you!
The orc priest shouts!
The orc shouts!
Things that are here:
a flail; a chain mail
Things that are here:
a dagger; a robe; a dagger
Casting: Call Imp (safe; 82% risk of failure)
Confirm with . or Enter, or press ? or * to list all spells.
A beastly little devil appears in a puff of flame.
You are feeling hungry.
Okay, then.
Casting: Call Imp (safe; 82% risk of failure)
Confirm with . or Enter, or press ? or * to list all spells.
You miscast Call Imp.
You hear strange voices.
Casting: Call Imp (safe; 82% risk of failure)
Confirm with . or Enter, or press ? or * to list all spells.
You miscast Call Imp.
Nothing appears to happen.
You found a teleport trap!
The orc priest shouts!
You hear a shout!
Your crimson imp disappears in a puff of smoke!
The orc priest begins to cast a cantrip, but forgets the words!
The orc priest invokes the aid of Beogh against you.
Beogh smites you!
You see here a tomahawk.
What are your orders? t - Shout!
Orders for allies: a - Attack new target. r - Retreat! s - Stop attacking. g - Guard the area. f - Follow me.
Anything else - Cancel.
Gang up on whom?
Press: ? - help, Dir - move target cursor, f - orc priest
Aim: an orc priest, wielding a club Attack!
The orc priest mumbles some strange prayers to Beogh against you.
Pain shoots through your body!
The orc priest miscasts a cantrip.
The orc priest calls down the wrath of Beogh upon you.
Beogh smites you!
* * * LOW HITPOINT WARNING * * *
The orc priest invokes the aid of Beogh against you.
Beogh smites you!
* * * LOW HITPOINT WARNING * * *
The orc drinks a potion.
The orc seems to speed up.
There is a stone staircase leading up here.
The orc priest calls down the wrath of Beogh upon you.
You resist with significant effort.
You climb upwards.
There is a stone staircase leading down here.
Your shield and fire dragon scales prevent you from hitting the orc priest.
You block the orc priest's attack.
The orc priest mumbles some strange prayers to Beogh against you.
Beogh smites you!
You die...

..##.##.#.#.#.#.#
..##.##.#.#.....##
..#..............#
..#.###.##.##.##.#
......#.##.##....#
#.......##.##....#
......####.......#
......# #..#..#o#
......# #......@#
####### ###.#####
#.# #.# ########.#
#........#
#.#####..#
#####.##.....#
.........##.##


You could see an orc priest.

Vanquished Creatures
  An ogre (D:4)
  A hound (D:4)
  3 centaur skeletons
  2 orc wizards
  2 iguanas (D:4)
  2 worker ant zombies (D:3)
  Robin (D:1)
  2 howler monkey skeletons (D:4)
  6 adders
  2 oozes
  An adder skeleton (D:4)
  A worm (D:4)
  3 dart slugs
  6 leopard geckos
  10 orcs
  4 bats
  4 giant cockroaches
  8 hobgoblins
  4 jackals (D:3)
  10 kobolds
  2 quokkas
  A ball python skeleton (D:3)
  4 frilled lizards
  16 goblins
  A jackal skeleton (D:3)
  A leopard gecko skeleton (D:4)
  A quokka skeleton (D:3)
  5 rats
104 creatures vanquished.

Notes
Turn   | Place    | Note
-------+----------+-------------------------------------------
     0 | D:1      | sankara the Deep Dwarf Fighter began the quest for the Orb.
     0 | D:1      | Reached XP level 1. HP: 20/20 MP: 1/1
   510 | D:1      | Reached skill level 3 in Fighting
   584 | D:1      | Reached XP level 2. HP: 28/28 MP: 2/2
  1057 | D:2      | Reached skill level 3 in Axes
  1057 | D:2      | Reached XP level 3. HP: 34/34 MP: 3/3
  1159 | D:2      | Reached skill level 1 in Throwing
  1663 | D:2      | Reached XP level 4. HP: 38/42 MP: 4/4
  1671 | D:2      | Noticed Robin
  2162 | D:1      | Killed Robin
  2808 | D:3      | Reached XP level 5. HP: 24/50 MP: 5/5
  2815 | D:3      | Reached skill level 2 in Throwing
  2922 | D:3      | Reached skill level 4 in Fighting
  2922 | D:3      | Reached skill level 4 in Axes
  3094 | D:4      | Learned a level 2 spell: Call Imp
  3269 | D:4      | Reached XP level 6. HP: 39/57 MP: 6/6
  3288 | D:4      | Reached skill level 1 in Summonings
  3542 | D:4      | HP: 13/58 [ogre/giant club (15)]
  3543 | D:4      | Reached skill level 3 in Throwing
  3565 | D:4      | Found a staircase to the Ecumenical Temple.
  3570 | Temple   | Entered the Ecumenical Temple
  3746 | Temple   | Became a worshipper of Makhleb the Destroyer
  4252 | D:3      | Reached skill level 5 in Axes
  4252 | D:3      | Reached skill level 2 in Summonings
  4252 | D:3      | Reached XP level 7. HP: 33/66 MP: 7/7
  4312 | D:3      | HP: 9/66 [orc priest/divine providence (12)]
  4314 | D:3      | HP: 2/66 [orc priest/divine providence (7)]
  4320 | D:2      | Killed from afar by an orc priest

Vault maps used:
D:1:      lightli_arrival_flooded_house
D:2:      minmay_liquid_box, hangedman_glass_teeth, minmay_tromino_v7,
          uniq_robin
D:3:      serial_undead, serial_undead_f, serial_undead_c, serial_undead_d,
          serial_undead_a, grunt_ministairs_7, minmay_misc_feat_tiny,
          kennysheep_generic_room_9
D:4:      minmay_temple_entry_nine_rooms, hangedman_decor_peaks_small,
          kennysheep_generic_room_16
Temple:   minmay_crystal_snake_temple

Skill      XL: |  1  2  3  4  5  6 |
---------------+-------------------+-----
Fighting       | 3 4 |  4.7
Axes           | 3 4 5 |  5.0
Throwing       | 1 2 3 |  3.0
Summonings     | 2 |  2.0
Armour         | |  3.2
Shields        | |  3.2

Action                   |  1- 3 |  4- 6 |  7- 9 || total
-------------------------+-------+-------+-------++-------
Melee: War axe           |    91 |   216 |     2 ||   309
Throw: Stone             |    92 |    43 |       ||   135
       Tomahawk          |       |    57 |     6 ||    63
 Cast: Call Imp          |       |       |     1 ||     1
 Abil: Heal Wounds       |       |     2 |       ||     2
  Use: Scroll            |       |     4 |       ||     4
       Potion            |       |     1 |       ||     1
  Eat: Chunk             |     2 |     9 |       ||    11
Armor: Scale mail        |    34 |    47 |       ||    81
       Fire dragon scale |       |    59 |       ||    59
Dodge: Dodged            |    20 |    49 |       ||    69
Block: Shield            |    44 |   106 |     1 ||   151

Table legend:
 A = Spawn XP
 B = Non-spawn XP
 C = Spawn XP percentage of total XP
 D = Spawn monster count
 E = Non-spawn monster count
 F = Spawn count percentage of total count
 G = Total turns spent on level
                    A         B        C        D         E        F      G
               +---------+---------+-------+---------+---------+-------+---------
         Total |       0 |     770 |   0.0 |       0 |     104 |   0.0 |  4320
               +---------+---------+-------+---------+---------+-------+---------
           D:1 |       0 |      39 |   0.0 |       0 |      14 |   0.0 |  1142
           D:2 |       0 |     108 |   0.0 |       0 |      37 |   0.0 |  1423
           D:3 |       0 |     187 |   0.0 |       0 |      29 |   0.0 |   628
           D:4 |       0 |     436 |   0.0 |       0 |      24 |   0.0 |   925
               +---------+---------+-------+---------+---------+-------+---------

Vault maps used:
D:1:      lightli_arrival_flooded_house
D:2:      minmay_liquid_box, hangedman_glass_teeth, minmay_tromino_v7,
          uniq_robin
D:3:      serial_undead, serial_undead_f, serial_undead_c, serial_undead_d,
          serial_undead_a, grunt_ministairs_7, minmay_misc_feat_tiny,
          kennysheep_generic_room_9
D:4:      minmay_temple_entry_nine_rooms, hangedman_decor_peaks_small,
          kennysheep_generic_room_16
Temple:   minmay_crystal_snake_temple

Table legend:
 A = Turns spent in this place as a percentage of turns spent in the entire game.
 B = Non-inter-level travel turns spent in this place as a percentage of non-inter-level travel turns spent in the entire game.
 C = Inter-level travel turns spent in this place as a percentage of turns spent in this place.
 D = Turns resting spent in this place as a percentage of non-inter-level travel turns spent in this place.
 E = Turns spent auto-exploring this place as a percentage of non-inter-level travel turns spent in this place.
 F = Non-inter-level travel turns spent in this place divided by the number of levels of this place that you've seen.
                   A       B       C       D       E      F
               +-------+-------+-------+-------+-------+----------------------
         Total | 100.0 | 100.0 |  10.2 |   1.1 |  47.3 | 775.8
       Dungeon |  95.3 |  95.4 |  10.1 |   1.1 |  45.0 | 925.2
        Temple |   4.7 |   4.6 |  11.9 |   0.0 |  94.4 | 178.0
               +-------+-------+-------+-------+-------+----------------------

Table legend:
 A = Kills in this place as a percentage of kills in entire the game.
 B = Kills by you in this place as a percentage of kills by you in the entire game.
 C = Kills by friends in this place as a percentage of kills by friends in the entire game.
 D = Other kills in this place as a percentage of other kills in the entire game.
 E = Experience gained in this place as a percentage of experience gained in the entire game.
 F = Experience gained in this place divided by the number of levels of this place that you have seen.
                   A       B       C       D       E      F
               +-------+-------+-------+-------+-------+----------------------
         Total | 100.0 | 100.0 |   N/A |   N/A | 100.0 | 154.0
       Dungeon | 100.0 | 100.0 |   N/A |   N/A | 100.0 | 192.5
               +-------+-------+-------+-------+-------+----------------------
